 Dungeon Crawl Stone Soup version 0.19.0-2-gae57169 (webtiles) character file.

66 mistymad the Scratcher (level 3, 0/16 HPs)
             Began as a Felid Transmuter on Nov 5, 2016.
             Succumbed to an adder's poison
             ... on level 2 of the Dungeon.
             The game lasted 00:03:47 (1469 turns).

mistymad the Scratcher (Felid Transmuter)           Turns: 1469, Time: 00:03:47

Health: 0/16       AC:  1    Str:  6    XL:     3   Next: 96%
Magic:  6/7        EV: 18    Int: 15    God:
Gold:   96         SH:  0    Dex: 16    Spells: 1 memorised, 5 levels left
                                        Lives:  0   Deaths: 0

rFire  . . .     SeeInvis +       - Unarmed
rCold  . . .     Gourm    .     (armour unavailable)
rNeg   . . .     Faith    .     (shield unavailable)
rPois  .         Spirit   .     (helmet unavailable)
rElec  .         Reflect  .     (cloak unavailable)
rCorr  .         Harm     .     (gloves unavailable)
MR     .....                    (boots unavailable)
Stlth  ++........               (no amulet)
                                (no ring)
                                (no ring)

@: lethally poisoned (0 -> -15), appendage, quick
A: no armour, no weapons or thrown items, stealth, claws 1, fangs 3, horns 2,
see invisible, carnivore 3, speed 1, shaggy fur 1, slow metabolism 1, sharp paws
a: End Transformation


You were on level 2 of the Dungeon.
You were completely stuffed.
You had grown temporary horns.
You visited 1 branch of the dungeon, and saw 2 of its levels.

You collected 96 gold pieces.

Inventory:

Missiles
 a - 28 arrows
Jewellery
 l - an uncursed amulet of regeneration {unknown}
Scrolls
 g - a scroll of immolation {unknown}
 i - a scroll of recharging {unknown}
Potions
 d - a potion of curing {unknown}
 e - a potion of resistance {unknown}
 f - a potion of heal wounds {unknown}
 h - a potion of flight {unknown}
 j - 2 potions of cure mutation {unknown}
Books
 b - a book of Changes

   Spells                             Type                      Level
   a - Beastly Appendage              Transmutation                1
   b - Sticks to Snakes               Transmutation                2
   c - Spider Form                    Transmutation/Poison         3
   d - Ice Form                       Ice/Transmutation            4
   e - Blade Hands                    Transmutation                5
Comestibles
 c - a meat ration
 k - 2 chunks of flesh


   Skills:
 + Level 2.2 Fighting
 - Level 2.6 Dodging
 + Level 3.9 Unarmed Combat
 - Level 2.0 Spellcasting
 + Level 3.0 Transmutations


You had 5 spell levels left.
You knew the following spells:

 Your Spells              Type           Power        Failure   Level  Hunger
a - Beastly Appendage     Tmut           ##....       8%          1    #......


Dungeon Overview and Level Annotations

Branches:
Dungeon (2/15)

Altars:
Gozag


Innate Abilities, Weirdness & Mutations

You cannot wear armour.
You are incapable of wielding weapons or throwing items.
Your paws allow you to move quietly. (Stealth)
You have sharp claws.
You have razor-sharp teeth.
You have supernaturally acute eyesight. (SInv)
You are carnivorous and can eat meat at any time.
You cover ground quickly.
You are covered in fur. (AC +1)
You have a slow metabolism.
Your sharp claws are effective at attacking unaware monsters.
You have a pair of horns on your head.


Message History

The adder poisons you! The adder bites you.
You take 9 damage, and have 7/16 hp.
MASSIVE DAMAGE!!
You miss the adder.
The adder is heavily wounded.
You feel sick. The adder closely misses you.
You take 1 damage, and have 6/16 hp.
You scratch the adder but do no damage. Your bite misses the adder.
The adder is heavily wounded.
The adder closely misses you.
You scratch the adder. Your bite misses the adder.
The adder is heavily wounded.
You feel sick. The adder bites you.
* * * LOW HITPOINT WARNING * * *
You are more poisoned.
The adder poisons you!
You take 5 damage, and have 1/16 hp.
MASSIVE DAMAGE!!
Casting: Beastly Appendage
Confirm with . or Enter, or press ? or * to list all spells.
You grow a pair of large bovine horns.
You die...

#.....#.# #.#.##...
##.#..#.# #.#.##...
#.#..#.# #.#.###.#
#.#..#.#####.#.###.#
#.#.##.......#.#...#
#.#............#.###
#........)...###.#
#######......# #.#
#.S@..#......# #.#
#.###.#%.....# #.# #
#.#......# #.#
#.#......###.#
#.#......(.#'###
#...............
#.###'###.......
##.###.# #.# #.......
#......###.###(.#'###


You could see an adder.

Vanquished Creatures
  3 adders (D:2)
  A worm (D:2)
  A leopard gecko (D:1)
  A ball python (D:1)
  A giant cockroach (D:2)
  4 goblins
  A hobgoblin (D:1)
  7 jackals
  3 bats
  A frilled lizard (D:2)
  8 kobolds
  2 rats (D:2)
33 creatures vanquished.

Notes
Turn   | Place    | Note
-------+----------+-------------------------------------------
     0 | D:1      | mistymad the Felid Transmuter began the quest for the Orb.
     0 | D:1      | Reached XP level 1. HP: 9/9 MP: 4/4
   498 | D:1      | Reached XP level 2. HP: 10/12 MP: 6/6
   788 | D:2      | Found an opulent altar of Gozag.
   930 | D:2      | Reached XP level 3. HP: 12/16 MP: 5/7
  1469 | D:2      | Succumbed to an adder's poison

Skill      XL: |  1  2  3 |
---------------+----------+-----
Fighting       | 2 |  2.2
Transmutations | 3 |  3.0
Dodging        | |  2.6
Unarmed Combat | |  3.9
Spellcasting   | |  2.0

Action                   || total
-------------------------++-------
Melee: Unarmed           ||    92
       Bite              ||     5
       Headbutt          ||     2
 Cast: Beastly Appendage ||     3
 Stab: Sleeping          ||     7
  Eat: Chunk             ||     8
Armor: Skin              ||     4
Dodge: Dodged            ||    64
